3L
HOUSTON 1837 BBC @ KINGSTON TOWNSHIP LEGION
10/04/2028
 
TOP OF THE 1ST
Houston 1837 BBC batting - Pitching for Kingston Township Legion : RHP Mike Chambers
Pitching: RHP Mike Chambers
Batting: RHB Kumanosuke Abe 0-0: Ball
1-0: Called Strike
1-1: Ball
2-1: Ball
3-1: Base on Balls
Batting: SHB Galtero Suárez 0-0: Called Strike
0-1: Swinging Strike
0-2: Ball
1-2: Strikes out swinging
Batting: LHB José Marín 0-0: Ball
1-0: Ball
2-0: Ground out U3 (Groundball, 34S)
Kumanosuke Abe to second
Batting: RHB Bob Dickerson 0-0: Swinging Strike
0-1: Called Strike
0-2: Ball
1-2: Foul Ball, location: 2F
1-2: Ball
2-2: Foul Ball, location: 2F
2-2: Foul Ball, location: 2F
2-2: Ground out 5-3 (Groundball, 5)
Top of the 1st over - 0 run(s), 0 hit(s), 0 error(s), 1 left on base; Houston 0 - Kingston Township 0
BOTTOM OF THE 1ST
Kingston Township Legion batting - Pitching for Houston 1837 BBC : RHP Marvin Martin
Pitching: RHP Marvin Martin
Batting: LHB António González 0-0: Ball
1-0: SOLO HOME RUN (Flyball, 9LD), Distance : 364 ft
Batting: RHB José Icaza 0-0: Ball
1-0: Ground out 4-3 (Groundball, 4)
Batting: RHB EP Weston 0-0: Ball
1-0: Foul Ball, location: 2F
1-1: Ball
2-1: Ball
3-1: SINGLE (Groundball, 6M) (infield hit)
Batting: RHB Clarence Neal 0-0: Foul Ball, location: 2F
0-1: Called Strike
0-2: Fly out, F9 (Flyball, 89S)
Batting: RHB Jim Scott 0-0: Ball
1-0: Foul Ball, location: 2F
1-1: Called Strike
1-2: Strikes out swinging
Bottom of the 1st over - 1 run(s), 2 hit(s), 0 error(s), 1 left on base; Houston 0 - Kingston Township 1
TOP OF THE 2ND
Houston 1837 BBC batting - Pitching for Kingston Township Legion : RHP Mike Chambers
Batting: LHB Scott Kerin 0-0: Fly out, F9 (Flyball, 9)
Batting: LHB Guillermo Arellano 0-0: Swinging Strike
0-1: Ball
1-1: Ground out U3 (Groundball, 34)
Batting: LHB Damian Delaney 0-0: Ball
1-0: Swinging Strike
1-1: Foul Ball, location: 2F
1-2: Ground out 4-3 (Groundball, 34)
Top of the 2nd over - 0 run(s), 0 hit(s), 0 error(s), 0 left on base; Houston 0 - Kingston Township 1
BOTTOM OF THE 2ND
Kingston Township Legion batting - Pitching for Houston 1837 BBC : RHP Marvin Martin
Batting: RHB Dani Trejo 0-0: Called Strike
0-1: Foul Ball, location: 2F
0-2: Ground out 5-3 (Groundball, 5S)
Batting: RHB Alfredo Cardenas 0-0: Ball
1-0: Called Strike
1-1: Ball
2-1: Called Strike
2-2: Strikes out swinging
Batting: RHB Juan Aguirre 0-0: Ball
1-0: Called Strike
1-1: SINGLE (Groundball, 56D)
Batting: LHB Tommy Sullivan 0-0: Fly out, F8 (Flyball, 8LM)
Bottom of the 2nd over - 0 run(s), 1 hit(s), 0 error(s), 1 left on base; Houston 0 - Kingston Township 1
TOP OF THE 3RD
Houston 1837 BBC batting - Pitching for Kingston Township Legion : RHP Mike Chambers
Batting: LHB Mike Hanson 0-0: Foul Ball, location: 2F
0-1: Called Strike
0-2: Fly out, F9 (Line Drive, 9)
Batting: RHB Rubén Marino 0-0: Called Strike
0-1: Called Strike
0-2: Strikes out swinging
Batting: RHB Kumanosuke Abe 0-0: Ground out 3-1 (Groundball, 34)
Top of the 3rd over - 0 run(s), 0 hit(s), 0 error(s), 0 left on base; Houston 0 - Kingston Township 1
BOTTOM OF THE 3RD
Kingston Township Legion batting - Pitching for Houston 1837 BBC : RHP Marvin Martin
Batting: LHB António González 0-0: Foul Ball, location: 2F
0-1: Ball
1-1: Called Strike
1-2: Ball
2-2: Strikes out swinging
Batting: RHB José Icaza 0-0: Ball
1-0: Swinging Strike
1-1: Ball
2-1: Fly out, F6 (Line Drive, 6M)
Batting: RHB EP Weston 0-0: Ball
1-0: Called Strike
1-1: Foul Ball, location: 2F
1-2: Ground out 5-3 (Groundball, 56)
Bottom of the 3rd over - 0 run(s), 0 hit(s), 0 error(s), 0 left on base; Houston 0 - Kingston Township 1
TOP OF THE 4TH
Houston 1837 BBC batting - Pitching for Kingston Township Legion : RHP Mike Chambers
Batting: SHB Galtero Suárez 0-0: Called Strike
0-1: Ball
1-1: Swinging Strike
1-2: Foul Ball, location: 2F
1-2: Foul Ball, location: 2F
1-2: Ball
2-2: Ball
3-2: SINGLE (Groundball, 6MD)
Batting: LHB José Marín 0-0: Ball
1-0: Ball
2-0: Ball
3-0: Called Strike
3-1: Base on Balls
Galtero Suárez to second
Batting: RHB Bob Dickerson 0-0: Grounds into double play, 5-4-3 (Groundball, 56)
Galtero Suárez to third
Batting: LHB Scott Kerin 0-0: Ball
1-0: Swinging Strike
1-1: Called Strike
1-2: Fly out, F8 (Flyball, 8RS)
Top of the 4th over - 0 run(s), 1 hit(s), 0 error(s), 1 left on base; Houston 0 - Kingston Township 1
BOTTOM OF THE 4TH
Kingston Township Legion batting - Pitching for Houston 1837 BBC : RHP Marvin Martin
Batting: RHB Clarence Neal 0-0: Ball
1-0: Foul Ball, location: 2F
1-1: Ball
2-1: Ground out 5-3 (Groundball, 56)
Batting: RHB Jim Scott 0-0: Ball
1-0: Swinging Strike
1-1: Ball
2-1: Fly out, F8 (Flyball, 8RM)
Batting: RHB Dani Trejo 0-0: Called Strike
0-1: Fly out, F6 (Line Drive, 6)
Bottom of the 4th over - 0 run(s), 0 hit(s), 0 error(s), 0 left on base; Houston 0 - Kingston Township 1
TOP OF THE 5TH
Houston 1837 BBC batting - Pitching for Kingston Township Legion : RHP Mike Chambers
Batting: LHB Guillermo Arellano 0-0: Called Strike
0-1: Swinging Strike
0-2: Foul Ball, location: 2F
0-2: Ball
1-2: Foul Ball, location: 2F
1-2: Ground out 3-1 (Groundball, 34)
Batting: LHB Damian Delaney 0-0: SINGLE (Groundball, 4S) (infield hit)
Batting: LHB Mike Hanson 0-0: Ball
1-0: Called Strike
Damian Delaney steals 2nd base
1-1: Foul Ball, location: 2F
1-2: Ground out 1-3 (Groundball, P)
Damian Delaney to third
Batting: RHB Rubén Marino 0-0: Reached on error, E5 (Groundball, 56)
Damian Delaney scores
Batting: RHB Kumanosuke Abe 0-0: Foul Ball, location: 2F
0-1: Foul Ball, location: 2F
0-2: Strikes out looking
Top of the 5th over - 1 run(s), 1 hit(s), 1 error(s), 1 left on base; Houston 1 - Kingston Township 1
BOTTOM OF THE 5TH
Kingston Township Legion batting - Pitching for Houston 1837 BBC : RHP Marvin Martin
Batting: RHB Alfredo Cardenas 0-0: Called Strike
0-1: Foul Ball, location: 2F
0-2: Ball
1-2: Strikes out swinging
Batting: RHB Juan Aguirre 0-0: Ground out 5-3 (Groundball, 56S)
Batting: LHB Tommy Sullivan 0-0: Ball
1-0: Called Strike
1-1: SINGLE (Line Drive, 6MD)
Batting: LHB António González 0-0: Ball
Tommy Sullivan steals 2nd base
1-0: SINGLE (Groundball, 4D)
Tommy Sullivan to third
Throwing error, E9
Tommy Sullivan scores
António González to second
Batting: RHB José Icaza 0-0: Ball
1-0: Swinging Strike
1-1: Ball
2-1: Ground out 6-3 (Groundball, 6)
Bottom of the 5th over - 1 run(s), 2 hit(s), 1 error(s), 1 left on base; Houston 1 - Kingston Township 2
TOP OF THE 6TH
Houston 1837 BBC batting - Pitching for Kingston Township Legion : RHP Mike Chambers
Batting: SHB Galtero Suárez 0-0: Ground out 4-3 (Groundball, 4)
Batting: LHB José Marín 0-0: Ground out 4-3 (Groundball, 4)
Batting: RHB Bob Dickerson 0-0: Ball
1-0: Fly out, F9 (Flyball, 9S)
Top of the 6th over - 0 run(s), 0 hit(s), 0 error(s), 0 left on base; Houston 1 - Kingston Township 2
BOTTOM OF THE 6TH
Kingston Township Legion batting - Pitching for Houston 1837 BBC : RHP Marvin Martin
Batting: RHB EP Weston 0-0: Called Strike
0-1: Called Strike
0-2: Ball
1-2: Strikes out swinging, 2-3 out at first.
Batting: RHB Clarence Neal 0-0: Called Strike
0-1: Called Strike
0-2: Ball
1-2: Ball
2-2: Fly out, F6 (Popup, 6D)
Batting: RHB Jim Scott 0-0: Ball
1-0: Ball
2-0: DOUBLE (Line Drive, 8LD)
Batting: RHB Dani Trejo 0-0: SINGLE (Line Drive, 56)
Jim Scott to third
Batting: RHB Alfredo Cardenas 0-0: 3-RUN HOME RUN (Line Drive, 78XD) (Inside the Park)
Pitching: RHP Jim Atkinson
Batting: RHB Juan Aguirre 0-0: Called Strike
0-1: SINGLE (Groundball, 6MD)
Batting: LHB Tommy Sullivan 0-0: Ball
1-0: Foul Ball, location: 2F
1-1: Fly out, F8 (Flyball, 8RD)
Bottom of the 6th over - 3 run(s), 4 hit(s), 0 error(s), 1 left on base; Houston 1 - Kingston Township 5
TOP OF THE 7TH
Houston 1837 BBC batting - Pitching for Kingston Township Legion : RHP Mike Chambers
Batting: LHB Scott Kerin 0-0: Ball
1-0: Foul Ball, location: 2F
1-1: Ball
2-1: Foul Ball, location: 2F
2-2: Foul Ball, location: 2F
2-2: Ball
3-2: Fly out, F3 (Line Drive, 3L)
Batting: LHB Guillermo Arellano 0-0: Called Strike
0-1: Called Strike
0-2: Ball
1-2: Foul Ball, location: 2F
1-2: Foul Ball, location: 2F
1-2: Ball
2-2: Foul Ball, location: 2F
2-2: Foul Ball, location: 2F
2-2: Ball
3-2: Base on Balls
Batting: LHB Damian Delaney 0-0: Fly out, F9 (Flyball, 9LMF)
Batting: LHB Mike Hanson 0-0: Ball
1-0: Fielders Choice at 2nd, 4-6 (Groundball, 34)
Top of the 7th over - 0 run(s), 0 hit(s), 0 error(s), 0 left on base; Houston 1 - Kingston Township 5
BOTTOM OF THE 7TH
Kingston Township Legion batting - Pitching for Houston 1837 BBC : RHP Jim Atkinson
Batting: LHB António González 0-0: Ball
1-0: Foul Ball, location: 2F
1-1: Swinging Strike
1-2: SINGLE (Groundball, 34D)
Batting: RHB José Icaza 0-0: Swinging Strike
0-1: Foul Ball, location: 2F
0-2: Ball
1-2: Ball
2-2: Fly out, F4 (Popup, 34D)
Batting: RHB EP Weston 0-0: Called Strike
0-1: Foul Ball, location: 2F
0-2: Foul Ball, location: 2F
0-2: Grounds into double play, 6-4-3 (Groundball, 6)
Bottom of the 7th over - 0 run(s), 1 hit(s), 0 error(s), 0 left on base; Houston 1 - Kingston Township 5
TOP OF THE 8TH
Houston 1837 BBC batting - Pitching for Kingston Township Legion : RHP Mike Chambers
Batting: RHB Rubén Marino 0-0: Called Strike
0-1: Ball
1-1: Foul Ball, location: 2F
1-2: Strikes out swinging
Batting: RHB Kumanosuke Abe 0-0: Fly out, F9 (Flyball, 9LS)
Batting: SHB Galtero Suárez 0-0: Ball
1-0: Ground out 2-3 (Groundball, 2L)
Top of the 8th over - 0 run(s), 0 hit(s), 0 error(s), 0 left on base; Houston 1 - Kingston Township 5
BOTTOM OF THE 8TH
Kingston Township Legion batting - Pitching for Houston 1837 BBC : RHP Jim Atkinson
Batting: RHB Clarence Neal 0-0: Ball
1-0: Ball
2-0: Called Strike
2-1: Foul Ball, location: 2F
2-2: Ball
3-2: DOUBLE (Line Drive, 78XD) - OUT at third base trying to stretch hit.
Batting: RHB Jim Scott 0-0: Ball
1-0: Ball
2-0: Ball
3-0: Base on Balls
Batting: RHB Dani Trejo 0-0: Foul Ball, location: 2F
0-1: Ball
1-1: Called Strike
1-2: Strikes out swinging
Batting: RHB Alfredo Cardenas 0-0: Ball
1-0: Foul Ball, location: 2F
1-1: Foul Ball, location: 2F
1-2: Ball
2-2: Foul Ball, location: 2F
2-2: Foul Ball, location: 2F
2-2: Ground out 1-3 (Groundball, 13)
Bottom of the 8th over - 0 run(s), 1 hit(s), 0 error(s), 1 left on base; Houston 1 - Kingston Township 5
TOP OF THE 9TH
Houston 1837 BBC batting - Pitching for Kingston Township Legion : RHP Mike Chambers
Batting: LHB José Marín 0-0: Ball
1-0: Called Strike
1-1: Ball
2-1: Fly out, F3 (Popup, 3L)
Batting: RHB Bob Dickerson 0-0: Foul Ball, location: 2F
0-1: Ball
1-1: Foul Ball, location: 2F
1-2: Ball
2-2: Strikes out swinging
Batting: LHB Scott Kerin 0-0: Foul Ball, location: 2F
0-1: Fly out, F8 (Flyball, 78D)
Top of the 9th over - 0 run(s), 0 hit(s), 0 error(s), 0 left on base; Houston 1 - Kingston Township 5
Monday, September 11th, 2017 - OOTP Baseball 17.12 Build 75